 Dungeon Crawl Stone Soup version 0.31.0 (webtiles) character file.

Game seed: 7597073701614289682

179 qw the Shooter (level 5, -1/33 HPs)
             Began as a Gargoyle Hunter on Jan 19, 2024.
             Killed from afar by Natasha (2 damage)
             ... with a magic dart
             ... on level 4 of the Dungeon.
             The game lasted 00:00:10 (2032 turns).

qw the Shooter (Gargoyle Hunter)                    Turns: 2032, Time: 00:00:10

Health: -1/33      AC:  8    Str: 14    XL:     5   Next: 59%
Magic:  5/5        EV: 12    Int: 10    God:
Gold:   138        SH:  0    Dex: 15    Spells: 4/4 levels left

rFire   . . .        a - +0 shortbow
rCold   + + .        (shield currently unavailable)
rNeg    + . .        g - +2 robe {rC+}
rPois   inf          (no helmet)
rElec   +            (no cloak)
rCorr   .            (no gloves)
SInv    .            (no boots)
Will    .....        (no amulet)
Stlth   ++           d - ring of protection from cold
HPRegen 0.25/turn    (no ring)
MPRegen 0.09/turn

%: no passive effects
@: no status effects
A: sickness immunity, AC +4, negative energy resistance 1, electricity
resistance, torment resistance 1, petrification resistance
a: no special abilities


You were on level 4 of the Dungeon.
You visited 1 branch of the dungeon, and saw 4 of its levels.

You collected 138 gold pieces.


Innate Abilities, Weirdness & Mutations

You are immune to sickness and miasma.
Your stone body is resilient. (AC +4)
You are immune to poison.
You resist negative energy. (rN+)
You are resistant to electric shocks. (rElec)
You are resistant to unholy torment.
You are immune to petrification.


   Skills:
 + Level 3.8 Fighting
 - Level 6.0 Ranged Weapons
 - Level 1.5 Dodging
 - Level 1.1 Stealth


You had 4 spell levels left.
You didn't know any spells.
Your spell library was empty.

Inventory:

Hand Weapons
 a - a +0 shortbow (weapon)
Armour
 g - a +2 robe of cold resistance (worn)
Jewellery
 d - a ring of protection from cold (left hand)
Wands
 i - a wand of iceblast (10)
Scrolls
 b - 4 scrolls of identify
Potions
 e - a potion of enlightenment
 f - 2 potions of haste

Dungeon Overview and Level Annotations

Branches:
Dungeon (4/15)
 Temple: D:4-7

Altars:
Ru
Sif Muna
Trog
Uskayaw
Yredelemnul
The Shining One

Annotations:
D:4 Natasha


Message History

The jelly hits you.
You are splashed with acid!
The cerulean imp barely misses you.
You shoot an arrow. The arrow hits the jelly!
You kill the jelly!
The cerulean imp closely misses you.
You shoot an arrow. The arrow hits Natasha.
Natasha is severely wounded.
The cerulean imp barely misses you. Natasha barely misses you.
You shoot an arrow.
The arrow hits Natasha but does no damage.
Natasha is severely wounded.
Natasha casts a spell.
The cerulean imp hits you from afar with a +2 spear.
The cerulean imp hits you from afar with a +0 spear.
2027 ||| RETREEEEATING.
The cerulean imp hits you from afar with a +2 spear.
The cerulean imp barely misses you.
2028 ||| RETREEEEATING.
Natasha howls an incantation.
Natasha glows brightly for a moment.
Natasha closely misses you.
The cerulean imp hits you but does no damage.
2029 ||| RETREEEEATING.
The cerulean imp disappears in a puff of smoke!
Natasha casts a spell at you. The magic dart hits you!
2030 ||| RETREEEEATING.
The cerulean imp hits you but does no damage.
Natasha stares at you and mumbles some strange words.
The magic dart hits you!
2031 ||| RETREEEEATING.
The cerulean imp hits you from afar with a +0 spear.
The cerulean imp barely misses you.
Natasha mumbles some strange words.
2032 ||| RETREEEEATING.
The cerulean imp barely misses you. Natasha casts a spell at you.
The magic dart hits you.
You die...
Natasha begins licking her fur clean.

... .. # #.#.##.
#..####.....
#..#.......
.....<.:#.#
#.......#.#
#...#.....#
#......#.#### #.
#......@h55.# #.#
#######.#..#.##.#
..
....<......5##...
..
#.###.........h..#
#.
#...#...#######.##
#.#####.....# .#
#...#...##..# #
#.<#.####.....
#.##.....###.#####


You could see Natasha and 3 cerulean imps.

Vanquished Creatures
  A jelly (D:4)
  6 adders
  5 dart slugs
  2 orcs (D:3)
  4 ball pythons
  4 endoplasms
  4 giant cockroaches
  4 goblins
  11 hobgoblins
  7 jackals
  5 kobolds
  5 quokkas
  11 bats
  2 frilled lizards
  5 rats
76 creatures vanquished.

Notes
Turn   | Place    | Note
-------+----------+-------------------------------------------
     0 | D:1      | qw the Gargoyle Hunter began the quest for the Orb.
     0 | D:1      | Reached XP level 1. HP: 12/12 MP: 1/1
     0 | D:1      | 0 ||| qw: Version: 0.3-a-132-g3d54051
     0 | D:1      | 0 ||| qw: Game counter: 327
     0 | D:1      | 0 ||| qw: Melee chars always use a shield: true
     0 | D:1      | 0 ||| qw: God list: Okawaru
     0 | D:1      | 0 ||| qw: Allow faded altars: false
     0 | D:1      | 0 ||| qw: Do Orc after clearing Dungeon:15 true
     0 | D:1      | 0 ||| qw: Do second Lair branch before Depths: true
     0 | D:1      | 0 ||| qw: Lair rune preference: random
     0 | D:1      | 0 ||| qw: Goals: Normal
     0 | D:1      | 0 ||| PLANNING D:1-11
    76 | D:1      | Reached XP level 2. HP: 17/17 MP: 2/2
    88 | D:1      | 88 ||| DROPPING scroll of butterflies.
   280 | D:1      | Reached XP level 3. HP: 17/21 MP: 3/3
   356 | D:1      | Reached skill level 5 in Ranged Weapons
   537 | D:1      | Found a faded altar of an unknown god.
   946 | D:1      | 946 ||| READING 6 scrolls labelled ONAIRI ZUVAC.
   946 | D:1      | 946 ||| IDENTIFYING scroll labelled ICKOSCH WOIGHAA
   947 | D:1      | 947 ||| DROPPING scroll of immolation.
  1030 | D:2      | Reached skill level 3 in Fighting
  1105 | D:2      | Reached XP level 4. HP: 28/28 MP: 4/4
  1108 | D:2      | Found a bloodstained altar of Trog.
  1494 | D:2      | 1494 ||| UPGRADING to ring of protection from cold.
  1495 | D:2      | 1495 ||| READING 7 scrolls of identify.
  1495 | D:2      | 1495 ||| IDENTIFYING grey potion
  1496 | D:2      | 1496 ||| READING 6 scrolls of identify.
  1496 | D:2      | 1496 ||| IDENTIFYING 2 fuming blue potions
  1596 | D:3      | 1596 ||| FLEEEEING.
  1649 | D:3      | Reached XP level 5. HP: 32/32 MP: 5/5
  1659 | D:3      | Reached skill level 6 in Ranged Weapons
  1689 | D:3      | Found a glowing golden altar of the Shining One.
  1689 | D:3      | Found a sacrificial altar of Ru.
  1720 | D:3      | Found a hide-covered altar of Uskayaw.
  1813 | D:3      | Found a basalt altar of Yredelemnul.
  1821 | D:3      | Found a shimmering blue altar of Sif Muna.
  1948 | D:3      | 1948 ||| UPGRADING to +2 robe of cold resistance.
  1958 | D:3      | 1958 ||| DROPPING +0 leather armour.
  1959 | D:3      | 1959 ||| READING 6 scrolls of identify.
  1959 | D:3      | 1959 ||| IDENTIFYING yellow potion
  1960 | D:3      | 1960 ||| READING 5 scrolls of identify.
  1960 | D:3      | 1960 ||| IDENTIFYING scroll labelled KUZAOCZ NOGIL
  1961 | D:3      | 1961 ||| DROPPING potion of degeneration.
  1962 | D:3      | 1962 ||| DROPPING scroll of poison.
  2014 | D:4      | Noticed Natasha
  2017 | D:4      | 2017 ||| RETREEEEATING.
  2027 | D:4      | 2027 ||| RETREEEEATING.
  2028 | D:4      | 2028 ||| RETREEEEATING.
  2029 | D:4      | 2029 ||| RETREEEEATING.
  2030 | D:4      | 2030 ||| RETREEEEATING.
  2030 | D:4      | HP: 4/33 [Natasha/magic dart (7)]
  2031 | D:4      | 2031 ||| RETREEEEATING.
  2031 | D:4      | HP: 1/33 [cerulean imp/+0 spear[Natasha] (4)]
  2032 | D:4      | 2032 ||| RETREEEEATING.
  2032 | D:4      | Killed from afar by Natasha

Levels and vault maps discovered:
D:1:      erik_arrival_cave_to_civilisation [erik_arrival_cave_to_hall],
          layout_basic, shapermc_ecumenical_altar_rom_forum, minmay_misc_feat_x,
          amethyst_killhole, minmay_tetromino_o2
D:2:      layout_loops_ring, basic_altar
D:3:      layout_basic, nicolae_uskayaw_dance_hall, grunt_temple_overflow_open,
          hangedman_decor_lopped, kennysheep_generic_room_14
D:4:      layout_loops_ring, minmay_temple_entry_tees, lemuel_flame_loot_1,
          uniq_natasha, uniq_eustachio, uniq_blork_the_orc

Skill      XL: |  1  2  3  4  5 |
---------------+----------------+-----
Ranged Weapons | 5 6 |  6.0
Fighting       | 3 |  3.8
Dodging        | |  1.5
Stealth        | |  1.1

Action                     |  1- 3 |  4- 6 || total
---------------------------+-------+-------++-------
   Fire: Shortbow          |   124 |   108 ||   232
    Use: Scroll            |     1 |     4 ||     5
 Armour: Leather armour    |    41 |    27 ||    68
         Robe              |       |    13 ||    13
  Dodge: Dodged            |    37 |    47 ||    84

Table legend:
 A = Non-vault XP
 B = Vault XP
 C = Vault XP percentage of total XP
 D = Non-vault monster count
 E = Vault monster count
 F = Vault count percentage of total count
                 A         B        C        D         E       F
            +---------+---------+-------+---------+---------+-------
      Total |     250 |       7 |   2.7 |      72 |       4 |   5.3
            +---------+---------+-------+---------+---------+-------
        D:1 |      54 |       7 |  11.5 |      26 |       4 |  13.3
        D:2 |      63 |       0 |   0.0 |      21 |       0 |   0.0
        D:3 |      91 |       0 |   0.0 |      24 |       0 |   0.0
        D:4 |      42 |       0 |   0.0 |       1 |       0 |   0.0
            +---------+---------+-------+---------+---------+-------
